 Dungeon Crawl Stone Soup version 0.27.1-4-g1640c2035a (webtiles) character file.

Game seed: 779334470591337356

283 raph the Digger (level 6, -1/32 HPs)
             Began as a Deep Elf Earth Elementalist on Nov 16, 2021.
             Slain by an iguana (10 damage)
             ... on level 3 of the Dungeon.
             The game lasted 00:08:15 (5416 turns).

raph the Digger (Deep Elf Earth Elementalist)       Turns: 5416, Time: 00:08:16

Health: -1/32      AC:  3    Str:  5    XL:     6   Next: 7%
Magic:  4/12       EV: 13    Int: 22    God:
Gold:   83         SH:  0    Dex: 18    Spells: 5/11 levels left

rFire    . . .     SeeInvis .   f - +0 dagger
rCold    . . .     Faith    .   (no shield)
rNeg     . . .     Spirit   .   b - +0 robe
rPois    .         Reflect  .   (no helmet)
rElec    .         Harm     .   (no cloak)
rCorr    .         Rampage  .   a - +0 pair of gloves {Dex+3}
Will     .....                  (no boots)
Stlth    ++........             (no amulet)
HPRegen  0.10/turn              (no ring)
MPRegen  0.13/turn              (no ring)

@: no status effects
A: no striking features
a: no special abilities


You were on level 3 of the Dungeon.
You visited 1 branch of the dungeon, and saw 4 of its levels.

You collected 83 gold pieces.

Inventory:

Hand Weapons
 f - a +0 dagger (weapon)
Missiles
 c - 7 javelins
 l - a throwing net
Armour
 a - a +0 pair of gloves of dexterity (worn)
 b - a +0 robe (worn)
Scrolls
 e - a scroll of vulnerability {unknown}
 g - 2 scrolls of teleportation {unknown}
 i - a scroll of immolation {unknown}
Potions
 d - 3 potions of might
 h - a potion of brilliance {unknown}
 j - 2 potions of heal wounds {unknown}
 k - a potion of haste {unknown}


   Skills:
 - Level 2.4 Dodging
 - Level 2.4 Stealth
 - Level 3.0 Spellcasting
 * Level 3.8 Conjurations
 - Level 1.1 Transmutations
 * Level 6.3 Earth Magic


You had 5 spell levels left.
You knew the following spells:

 Your Spells              Type           Power      Damage    Failure   Level
a - Sandblast             Erth           62%        2d14      1%          1
b - Passwall              Tmut/Erth      15%        N/A       4%          2
c - Stone Arrow           Conj/Erth      50%        3d10      4%          3

Your spell library contained the following spells:

 Spells                   Type           Power      Damage    Failure   Level
 Apportation              Tloc           6%         N/A       12%         1
 Petrify                  Tmut/Erth      19%        N/A       26%         4
 Alistair's Intoxication  Tmut/Pois      3%         N/A       95%         5
 Invisibility             Hex            1%         N/A       100%        6


Dungeon Overview and Level Annotations

Branches:
Dungeon (4/15)
 Temple: D:4-7

Altars:
Cheibriados

Shops:
D:3 [

Annotations:
D:3 1 runed translucent door, Ijyb; Kay's ghost, weakling DsAK


Message History

The adder bites you but does no damage.
Your magical contamination has completely faded away.
You barely miss the adder.
The adder is almost dead.
An iguana comes into view.
The adder bites you.
You miss the adder.
The adder is almost dead.
The adder barely misses you.
The iguana hisses angrily.
You hit the adder.
You kill the adder!
The iguana bites you.
Things that are here:
a +0 flail; 5 boomerangs; an orc skeleton You see here an adder skeleton.
There is a stone staircase leading down here.
Things that are here:
a +0 dagger; an orc skeleton
Things that are here:
a +0 dagger; a +0 whip; a +0 leather armour
Casting: Stone Arrow (dangerous; 4% risk of failure)
Confirm with . or Enter, or press ? or * to list all spells.
Aiming: Stone Arrow (dangerous; 4% risk of failure)
Press: ? - help, Shift-Dir - straight line, f - iguana
Aim: an iguana (75% to hit)
The stone arrow misses the iguana.
The iguana bites you.
You hit the iguana but do no damage. The iguana bites you.
There is a stone staircase leading up here.
The iguana bites you.
* * * LOW HITPOINT WARNING * * *
You climb upwards.
Level annotation: 1 runed translucent door, Ijyb; Kay's ghost, weakling DsAK
There is a stone staircase leading down here.
You can't go up here!
There is an open door here.
There's a creature in the doorway!
You hit the iguana but do no damage. The iguana barely misses you.
You closely miss the iguana. The iguana bites you!
You die...

......## .......#
.......# .......#
.......# .......# #####
.......# #...# ......##
#.#l## .....## ###.#@≈###
.....#######...#≈...#####
..........#....#≈§§§#...#
..........>.##.###§§#...#
..(..#####.(..)..##'#...#
....## ##.##..........#
....# #.##..........#
.<..# #.#######.#####
....# ##.# #.#


You could see an iguana.

Vanquished Creatures
  2 orc priests
  Jessica (D:3)
  An iguana (D:4)
  An orc wizard (D:3)
  9 adders
  An ufetubus (D:4)
  A dart slug (D:2)
  6 orcs
  4 ball pythons
  7 bats
  3 endoplasms
  3 giant cockroaches
  3 goblins (D:1)
  5 hobgoblins
  3 kobolds
  4 quokkas
  3 frilled lizards
  4 rats
61 creatures vanquished.

Notes
Turn   | Place    | Note
-------+----------+-------------------------------------------
     0 | D:1      | raph the Deep Elf Earth Elementalist began the quest for
                  | the Orb.
     0 | D:1      | Reached XP level 1. HP: 10/10 MP: 6/6
   252 | D:1      | Reached skill level 4 in Earth Magic
   252 | D:1      | Reached XP level 2. HP: 15/15 MP: 6/8
  1891 | D:2      | Reached XP level 3. HP: 19/19 MP: 6/9
  2029 | D:2      | Learned a level 2 spell: Passwall
  2033 | D:2      | Learned a level 3 spell: Stone Arrow
  2651 | D:2      | Reached skill level 1 in Conjurations
  2753 | D:2      | Reached skill level 5 in Earth Magic
  3429 | D:3      | Found Esuown's Antique Armour Emporium.
  3446 | D:3      | Found a faded altar of an unknown god.
  3602 | D:3      | Found a runed translucent door.
  3602 | D:3      | Noticed Kay's ghost (weakling DsAK)
  3629 | D:3      | Reached XP level 4. HP: 24/24 MP: 5/10
  3878 | D:3      | Found a snail-covered altar of Cheibriados.
  3892 | D:3      | Noticed Jessica
  3898 | D:3      | Killed Jessica
  3899 | D:3      | Reached XP level 5. HP: 28/28 MP: 0/11
  3991 | D:3      | Noticed Ijyb
  4217 | D:2      | Identified a scroll of acquirement
  4217 | D:2      | Acquired a +0 pair of gloves of dexterity
  4764 | D:4      | Reached skill level 6 in Earth Magic
  5255 | D:4      | Reached XP level 6. HP: 32/32 MP: 2/12
  5416 | D:3      | Slain by an iguana

Illustrated notes

Levels and vault maps discovered:
D:1:      amcnicky_arrival_double_pillar, layout_basic
D:2:      layout_basic, minivault_26
D:3:      layout_rooms, mainiacjoe_overflow_alcove_2, serial_shops, shop_statue,
          shapermc_ecumenical_altar_starsandcircs,
          hellmonk_ghost_happy_afterlife, kennysheep_nondescript,
          minmay_close_crescents, uniq_ijyb, uniq_jessica
D:4:      layout_basic, minmay_joined_circles, uniq_eustachio

Skill      XL: |  1  2  3  4  5 |
---------------+----------------+-----
Earth Magic    | 4 5 6 |  6.3
Conjurations   | 1 2 3 |  3.8
Dodging        | |  2.4
Stealth        | |  2.4
Spellcasting   | |  3.0
Transmutations | |  1.1

Action                   |  1- 3 |  4- 6 || total
-------------------------+-------+-------++-------
Melee: Dagger            |    61 |    38 ||    99
 Cast: Sandblast         |    27 |    21 ||    48
       Stone Arrow       |    12 |    29 ||    41
  Use: Scroll            |       |     2 ||     2
Armor: Robe              |    30 |    12 ||    42
Dodge: Dodged            |    65 |    34 ||    99
